 Dungeon Crawl Stone Soup version 0.28-a0-863-g8cecda6153 (webtiles) character file.

Game seed: 4360771811721911662

447 ryw the Shooter (level 7, -3/56 HPs)
             Began as a Gnoll Wanderer on Nov 17, 2021.
             Was a Priest of Lugonu.
             Slain by a phantom (7 damage)
             ... on level 5 of the Dungeon.
             The game lasted 00:08:33 (4505 turns).

ryw the Shooter (Gnoll Wanderer)                    Turns: 4505, Time: 00:08:34

Health: -3/56      AC:  3    Str: 11    XL:     7   Next: 3%
Magic:  10/10      EV: 13    Int: 13    God:    Lugonu [***...]
Gold:   200        SH:  0    Dex: 12    Spells: 10/10 levels left

rFire   . . .      SeeInvis .   a - +2 falchion
rCold   . . .      Faith    .   (no shield)
rNeg    . . .      Spirit   .   e - +0 robe
rPois   .          Reflect  .   (no helmet)
rElec   .          Harm     .   t - +0 cloak
rCorr   .          Rampage  .   (no gloves)
Will    .....                   (no boots)
Stlth   ++........              (no amulet)
HPRegen 0.18/turn               (no ring)
MPRegen 0.12/turn               (no ring)

@: about to teleport, attractive
A: fangs 1, strong nose, distributed training
a: Renounce Religion, Depart the Abyss, Bend Space, Banish


You were on level 5 of the Dungeon.
You worshipped Lugonu.
Lugonu was most pleased with you.
You visited 1 branch of the dungeon, and saw 5 of its levels.

You collected 200 gold pieces.

Inventory:

Hand Weapons
 a - a +2 falchion (weapon)
 b - a +0 shortbow
 w - a +1 falchion of draining
Missiles
 d - 46 arrows
Armour
 e - a +0 robe (worn)
 t - a +0 cloak (worn)
 u - a +0 tower shield
Magical Staves
 j - a staff of fire
 k - a staff of poison
 p - a staff of air
Wands
 v - a wand of digging (2)
Scrolls
 c - 2 scrolls of identify {unknown}
 h - 4 scrolls of noise {unknown}
 l - a scroll of silence {unknown}
 m - 3 scrolls of teleportation
 q - a scroll of enchant armour {unknown}
 s - a scroll of holy word {unknown}
 x - 2 scrolls of enchant weapon {unknown}
Potions
 g - a potion of might
 i - a potion of flight {unknown}
 n - 3 potions of curing
 o - a potion of haste
 r - a potion of ambrosia {unknown}


   Skills:
 + Level 5.1 Fighting
 + Level 2.2 Short Blades
 + Level 5.1 Long Blades
 + Level 2.2 Axes
 + Level 2.2 Maces & Flails
 + Level 2.2 Polearms
 + Level 2.2 Staves
 + Level 2.2 Slings
 + Level 6.9 Bows
 + Level 2.2 Crossbows
 + Level 3.4 Throwing
 + Level 2.2 Armour
 + Level 3.4 Dodging
 + Level 2.2 Stealth
 + Level 2.2 Shields
 + Level 2.2 Unarmed Combat
 + Level 2.2 Spellcasting
 + Level 1.8 Conjurations
 + Level 1.8 Hexes
 + Level 1.8 Summonings
 + Level 1.8 Necromancy
 + Level 1.8 Translocations
 + Level 1.8 Transmutations
 + Level 1.8 Fire Magic
 + Level 1.8 Ice Magic
 + Level 1.8 Air Magic
 + Level 1.8 Earth Magic
 + Level 1.8 Poison Magic
 + Level 2.4 Invocations
 + Level 3.4 Evocations


You had 10 spell levels left.
You didn't know any spells.
Your spell library contained the following spells:

 Spells                   Type           Power      Damage    Failure   Level
 Blink                    Tloc           12%        N/A       19%         2
 Static Discharge         Conj/Air       6%         N/A       19%         2
 Dazzling Flash           Conj/Hex       12%        N/A       34%         3
 Dispel Undead            Necr           6%         3d8       75%         4
 Iskenderun's Mystic Bla  Conj/Tloc      6%         2d4       75%         4
 Sticky Flame             Conj/Fire      6%         2d3       75%         4
 Manifold Assault         Tloc           6%         N/A       97%         5
 Starburst                Conj/Fire      3%         6d3       100%        6
 Storm Form               Tmut/Air       3%         N/A       100%        7


Dungeon Overview and Level Annotations

Branches:
Dungeon (5/15)             Temple (0/1) D:4

Altars:
Ashenzari
Gozag
The Shining One
Lugonu


Innate Abilities, Weirdness & Mutations

You have very sharp teeth.
Your uncanny sense of smell can sniff out nearby items.
Your experience applies equally to all skills.


Message History

Found a scroll labelled JOSMAL ROUJOY.
You slash the rat!
You kill the rat!
Lugonu accepts your kill. The phantom hits you. The gnoll barely misses you.
A river rat comes into view.
The rat bites you but does no damage.
You see here a rat corpse.
You hit the rat.
You kill the rat!
Lugonu accepts your kill. The phantom barely misses you. The gnoll misses you.
You barely miss the quokka. The quokka bites you. The phantom hits you.
The gnoll barely misses you.
You barely miss the quokka. The quokka barely misses you.
The phantom barely misses you. The gnoll barely misses you.
You hit the quokka.
The quokka is severely wounded.
The quokka bites you but does no damage.
The phantom hits you!
* * * LOW HITPOINT WARNING * * *
The gnoll closely misses you. The quokka closely misses you.
You hit the quokka but do no damage.
The quokka is heavily wounded.
The quokka closely misses you. The phantom hits you.
* * * LOW HITPOINT WARNING * * *
The gnoll closely misses you.
Unknown command.
As you read the scroll labelled ZURUSOIGHEY, it crumbles to dust.
You feel strangely unstable.
It was a scroll of teleportation.
The quokka bites you but does no damage.
The phantom hits you.
* * * LOW HITPOINT WARNING * * *
The phantom blinks!
You blink.
A rat, a river rat, a quokka and a jelly come into view.
Found 11 stones.
It was a potion of attraction.
You feel attractive to monsters. The phantom hits you!
You die...

#### ∆∆ ##.rJ. ..
##?.r.. ∆...
....r.. rr rr ...
..#### #. l #..
#.#W#### .# g
#.###@#..#.##.#.#
#.r.#.# #.#.(##.#
#†#.# #?gr#.#
##g### #rg.?#
##.g###g#.#.#
##gr#.##g#.#
###g.##g.#.
####r####. #§##
##


You could see a phantom, a jelly (asleep), a gnoll, a river rat (asleep), a
quokka (asleep) and a rat (asleep).

Vanquished Creatures
  Grinder (D:5)
  A howler monkey (D:5)
  An iguana (D:4)
  2 orc wizards (D:4)
  A hound skeleton (D:5)
  Robin (D:4)
  3 adders
  A river rat (D:5)
  An adder skeleton (D:4)
  5 orcs (D:4)
  7 bats
  4 endoplasms
  2 giant cockroaches
  10 hobgoblins
  4 jackals (D:3)
  A quokka (D:5)
  4 ball pythons
  4 frilled lizards
  16 goblins
  10 kobolds
  8 rats
87 creatures vanquished.

Notes
Turn   | Place    | Note
-------+----------+-------------------------------------------
     0 | D:1      | ryw the Gnoll Wanderer began the quest for the Orb.
     0 | D:1      | ryw set off with the following items: a +2 falchion, a +0
                  | hand axe, a +0 shortbow, 25 arrows, a +0 robe
     0 | D:1      | Reached XP level 1. HP: 20/20 MP: 1/1
   162 | D:1      | Reached XP level 2. HP: 26/26 MP: 2/2
   595 | D:2      | Found a broken altar of Ashenzari.
   891 | D:2      | Reached XP level 3. HP: 30/31 MP: 2/4
  1128 | D:2      | Reached skill level 1 in Invocations
  1363 | D:2      | Found a faded altar of an unknown god.
  1554 | D:2      | Prayed at the altar of an unknown god.
  1554 | D:2      | Became a worshipper of Lugonu the Unformed
  1554 | D:2      | Reached * piety under Lugonu
  1554 | D:2      | Reached ** piety under Lugonu
  1664 | D:3      | Reached skill level 1 in Short Blades
  1664 | D:3      | Reached skill level 1 in Axes
  1664 | D:3      | Reached skill level 1 in Maces & Flails
  1664 | D:3      | Reached skill level 1 in Polearms
  1664 | D:3      | Reached skill level 1 in Staves
  1664 | D:3      | Reached skill level 1 in Slings
  1664 | D:3      | Reached skill level 1 in Crossbows
  1664 | D:3      | Reached skill level 1 in Armour
  1664 | D:3      | Reached skill level 1 in Stealth
  1664 | D:3      | Reached skill level 1 in Shields
  1664 | D:3      | Reached skill level 1 in Unarmed Combat
  1664 | D:3      | Reached skill level 1 in Spellcasting
  1857 | D:3      | Reached XP level 4. HP: 38/38 MP: 5/5
  1862 | D:3      | Found an opulent altar of Gozag.
  2038 | D:3      | Found a glowing golden altar of the Shining One.
  2279 | D:4      | Found a staircase to the Ecumenical Temple.
  2356 | D:4      | Reached skill level 1 in Conjurations
  2356 | D:4      | Reached skill level 1 in Hexes
  2356 | D:4      | Reached skill level 1 in Summonings
  2356 | D:4      | Reached skill level 1 in Necromancy
  2356 | D:4      | Reached skill level 1 in Translocations
  2356 | D:4      | Reached skill level 1 in Transmutations
  2356 | D:4      | Reached skill level 1 in Fire Magic
  2356 | D:4      | Reached skill level 1 in Ice Magic
  2356 | D:4      | Reached skill level 1 in Air Magic
  2356 | D:4      | Reached skill level 1 in Earth Magic
  2356 | D:4      | Reached skill level 1 in Poison Magic
  2686 | D:4      | Noticed Robin
  2704 | D:4      | Killed Robin
  2705 | D:4      | Reached XP level 5. HP: 27/43 MP: 5/7
  3273 | D:4      | Reached *** piety under Lugonu
  3814 | D:5      | Entered Level 5 of the Dungeon
  3905 | D:5      | Reached XP level 6. HP: 20/50 MP: 8/8
  4257 | D:5      | Noticed Grinder
  4278 | D:5      | Killed Grinder
  4279 | D:5      | Reached skill level 5 in Fighting
  4279 | D:5      | Reached skill level 5 in Long Blades
  4468 | D:5      | Reached XP level 7. HP: 47/56 MP: 10/10
  4505 | D:5      | Slain by a phantom

Illustrated notes

Levels and vault maps discovered:
D:1:      matt_arrival_debris, layout_basic
D:2:      layout_loops_corners, basic_altar,
          dreamdust_ecumenical_altar_sealed_demon
D:3:      layout_rooms, nicolae_gozag_seed_capital, old_standard_altar
D:4:      layout_loops_ring, minmay_temple_entry_purple_smoke, uniq_robin
D:5:      lemuel_ratsnest, layout_rooms, st_stairs_13, uniq_grinder

Skill      XL: |  1  2  3  4  5  6 |
---------------+-------------------+-----
Invocations    | 1 2 |  2.4
Short Blades   | 1 2 |  2.2
Axes           | 1 2 |  2.2
Maces & Flails | 1 2 |  2.2
Polearms       | 1 2 |  2.2
Staves         | 1 2 |  2.2
Slings         | 1 2 |  2.2
Crossbows      | 1 2 |  2.2
Armour         | 1 2 |  2.2
Stealth        | 1 2 |  2.2
Shields        | 1 2 |  2.2
Unarmed Combat | 1 2 |  2.2
Spellcasting   | 1 2 |  2.2
Conjurations   | 1 |  1.8
Hexes          | 1 |  1.8
Summonings     | 1 |  1.8
Necromancy     | 1 |  1.8
Translocations | 1 |  1.8
Transmutations | 1 |  1.8
Fire Magic     | 1 |  1.8
Ice Magic      | 1 |  1.8
Air Magic      | 1 |  1.8
Earth Magic    | 1 |  1.8
Poison Magic   | 1 |  1.8
Throwing       | 3 |  3.4
Dodging        | 3 |  3.4
Evocations     | 3 |  3.4
Fighting       | 5 |  5.1
Long Blades    | 5 |  5.1
Bows           | |  6.9

Action                   |  1- 3 |  4- 6 |  7- 9 || total
-------------------------+-------+-------+-------++-------
Melee: Falchion          |    31 |    70 |    17 ||   118
       Bite              |     2 |    11 |     1 ||    14
 Fire: Shortbow          |    85 |   104 |       ||   189
  Use: Potion            |       |     2 |     1 ||     3
       Scroll            |       |       |     1 ||     1
 Stab: Sleeping          |     1 |       |       ||     1
Armor: Robe              |    12 |     6 |     6 ||    24
Dodge: Dodged            |    26 |    42 |    18 ||    86

Table legend: (Time is in decaauts)
 A = Elapsed time spent in this place.
 B = Non-inter-level travel time spent in this place.
 C = Inter-level travel time spent in this place.
 D = Time resting spent in this place.
 E = Time spent auto-exploring this place.
 F = Levels seen in this place.
 G = Mean time per level.
                   A        B        C        D        E       F      G
               +--------+--------+--------+--------+--------+-----+--------+
         Total |   4493 |   4246 |    247 |    607 |   2928 |   5 |  898.6 |
       Dungeon |   4493 |   4246 |    247 |    607 |   2928 |   5 |  898.6 |
               +--------+--------+--------+--------+--------+-----+--------+

Top non-repeatable levels by time:
     D:4: 1676 daAuts
     D:2: 975 daAuts
     D:3: 828 daAuts
     D:1: 582 daAuts
     D:5: 430 daAuts
